 Dungeon Crawl Stone Soup version 0.27-a0-1046-g98bf31544f (webtiles) character file.

Game seed: 7307150073439791140

56587 robertstho the Eclecticist (level 14, 0/88 HPs)
             Began as a Djinni Fire Elementalist on Apr 19, 2021.
             Was the Champion of Makhleb.
             Slain by a salamander
             ... wielding a +1 trident
              (2 damage)
             ... in a volcano.
             The game lasted 00:58:05 (29555 turns).

robertstho the Eclecticist (DjFE)                  Turns: 29555, Time: 00:58:06

Health: 0/88       AC: 22    Str:  7    XL:     14   Next: 82%
Gold:   1024       EV: 12    Int: 23    God:    Makhleb [******] SH:  0 Dex: 19

rFire    + + +     SeeInvis .   z - +1 demon whip (freeze)
rCold    . . .     Faith    .   (no shield)
rNeg     . . .     Spirit   .   b - quicksilver dragon scales
rPois    ∞         Reflect  .   f - +2 helmet
rElec    .         Harm     .   L - +0 cloak
rCorr    .         Rampage  .   Z - +0 pair of gloves
Will     ++...                  (boots unavailable)
Stlth    +.........             g - amulet of the acrobat
HPRegen  0.24/turn              d - ring of Vicwis {rF++ AC+4 Dex+6}
MPRegen  0.00/turn              F - ring of ice

@: confused, mighty, ambrosia-drunk, flying, hasted, very quick
A: fire resistance 2, cold vulnerability 1, float, innate caster, hp casting,
extra vitality 1
a: Renounce Religion, Minor Destruction, Lesser Servant of Makhleb, Major
Destruction, Greater Servant of Makhleb


You were in a volcano.
You worshipped Makhleb.
Makhleb was exalted by your worship.
You visited 4 branches of the dungeon, and saw 21 of its levels.
You also visited: Ice Cave and Volcano.

You collected 1514 gold pieces.
You spent 490 gold pieces at shops.

Inventory:

Hand Weapons
 z - a +1 demon whip of freezing (weapon)
 S - a +0 long sword of holy wrath
 U - a +4 scimitar of flaming
Missiles
 o - a throwing net
Armour
 b - quicksilver dragon scales (worn)
 f - a +2 helmet (worn)
 x - the +5 robe of Infinity {rN+ Will- Slay+3}
   (You found it on level 4 of the Lair of Beasts)

   It affects your accuracy and damage with ranged weapons and melee attacks
   (+3).
   It protects you from negative energy.
   It decreases your willpower.
 L - a +0 cloak (worn)
 N - +0 acid dragon scales
 W - a +1 robe of fire resistance
 Z - a +0 pair of gloves (worn)
Jewellery
 d - the ring of Vicwis (left hand) {rF++ AC+4 Dex+6}
   (You acquired it on level 3 of the Dungeon)

   [ring of protection]

   It affects your AC (+4).
   It affects your dexterity (+6).
   It greatly protects you from fire.
 g - an amulet of the acrobat (around neck)
 q - a ring of resist corrosion
 s - a ring of willpower
 F - a ring of ice (right hand)
 G - a +6 ring of strength
 K - a +6 ring of intelligence
 O - a +6 ring of intelligence
 P - a +6 ring of dexterity
Wands
 l - a wand of mindburst (6)
 p - a wand of flame (32)
 y - a wand of digging (19)
 B - a wand of iceblast (5)
 X - a wand of acid (4)
 Y - a wand of paralysis (10)
Scrolls
 e - a scroll of enchant weapon
 j - a scroll of teleportation
 k - 4 scrolls of fog
 m - a scroll of vulnerability
 u - a scroll of enchant armour
 C - a scroll of holy word
 E - 3 scrolls of immolation
 H - a scroll of blinking
 V - a scroll of silence
Potions
 r - 2 potions of resistance
 t - 5 potions of brilliance
 v - a potion of mutation
 w - 4 potions of might
 A - a potion of cancellation
 D - a potion of haste
 M - 4 potions of attraction


   Skills:
 + Level 3.9 Fighting
 + Level 1.4(3.4) Axes
 + Level 4.9(5.0) Maces & Flails
 + Level 7.8 Armour
 + Level 5.9 Dodging
 + Level 4.0 Stealth
 * Level 16.5 Spellcasting
 * Level 9.0 Invocations
 + Level 1.3 Evocations


You had 11 spell levels left.
You knew the following spells:

 Your Spells              Type           Power      Damage    Failure   Level
a - Foxfire               Conj/Fire      100%       2x1d9     0%          1
b - Conjure Flame         Conj/Fire      76%        6-21      1%          3
c - Inner Flame           Hex/Fire       76%        N/A       1%          3
d - Sticky Flame          Conj/Fire      76%        2d9       1%          4
e - Fireball              Conj/Fire      38%        3d16      1%          5
f - Freeze                Ice            100%       1d11      0%          1
g - Ensorcelled Hibernat  Hex/Ice        100%       N/A       0%          2
h - Call Canine Familiar  Summ           76%        N/A       1%          3
i - Spider Form           Tmut/Pois      38%        N/A       1%          3
j - Metabolic Englaciati  Hex/Ice        48%        N/A       1%          5
k - Borgnjor's Vile Clut  Necr/Erth      38%        N/A       1%          5
Your spell library was empty.

Dungeon Overview and Level Annotations

Branches:
Dungeon (13/15)            Temple (1/1) D:5            Lair (6/6) D:11
  Swamp (0/4) Lair:4        Snake (0/4) Lair:2        Slime (0/5) Lair:6
    Orc (1/2) D:11          IceCv (visited)         Volcano (1/1)
 Vaults: D:13-14

Altars:
Ashenzari
Cheibriados
Dithmenos
Elyvilon
Fedhas
Gozag
Hepliaklqana
Kikubaaqudgha
Makhleb
Nemelex Xobeh
Qazlal
Ru
Sif Muna
Trog
Uskayaw
Vehumet
Wu Jian
Xom
Yredelemnul
Zin
The Shining One
Jiyva

Shops:
D:4 :(   D:6 (   D:8 *!=   D:11 [

Annotations:
D:8 heal potions 1106 amulet
D:9 2 transporters
Lair:5 Panli's ghost, journeyman CeAM


Innate Abilities, Weirdness & Mutations

You are immune to poison.
Your flesh is very heat resistant. (rF++)
You are vulnerable to cold. (rC-)
You float through the air rather than walking.
You learn spells naturally, not from books.
Your magical power is your life essence.
You have superior vitality. (+4 HP)


Message History

* * * LOW HITPOINT WARNING * * *
The salamander barely misses you.
You hit the salamander mystic but do no damage.
The salamander mystic is lightly wounded.
Your warg bites the salamander!
The salamander misses you.
You feel very mighty all of a sudden.
Your warg barely misses the salamander.
The salamander mystic misses you.
The salamander hits you from afar with a +1 trident.
* * * LOW HITPOINT WARNING * * *
You are engulfed in flames.
You resist.
* * * LOW HITPOINT WARNING * * *
You feel better.
Your warg bites the salamander!
The salamander hits you but does no damage.
You hit the salamander mystic. You freeze the salamander mystic.
The salamander mystic is moderately wounded.
The salamander mystic barely misses you.
Your warg bites the salamander!
The salamander misses you.
You whack the salamander mystic! You freeze the salamander mystic.
The salamander mystic is moderately wounded.
Your warg bites the salamander!
The salamander mystic barely misses you.
You hit the salamander mystic. You freeze the salamander mystic.
The salamander mystic is heavily wounded.
The salamander hits you from afar with a +1 trident!
* * * LOW HITPOINT WARNING * * *
You are engulfed in flames.
You resist.
* * * LOW HITPOINT WARNING * * *
The salamander unwields a +0 shortbow of flaming.
It stops flaming.
The salamander hits you but does no damage.
You feel yourself speed up.
Your warg bites the salamander but does no damage.
The salamander hits you but does no damage.
The salamander mystic hits you but does no damage.
You are confused.
You feel invigorated.
Your warg bites the salamander.
The salamander hits you from afar with a +1 trident!
* * * LOW HITPOINT WARNING * * *
You are engulfed in flames.
You resist.
You die...

§§§≈≈≈§§.§≈≈≈≈≈≈≈≈≈§§§§≈≈≈..≈≈§§≈
≈§§≈§§§§§§§§§§§≈≈§§≈≈≈≈§≈≈≈≈..≈°≈
≈§§≈≈≈§≈§≈≈§§§≈≈≈≈≈§≈≈§≈§§§≈≈§§.°
.§§≈≈≈≈≈§≈≈§≈≈§§≈§≈≈≈§≈§§≈≈○≈○§≈§
..§..≈≈≈§≈≈≈≈≈≈≈§≈.....§.○≈§○§≈≈≈
.......≈..≈.≈≈≈§.......§..○○○°§.≈
#.......§.....hN.......§.......§
####...........NN...#####.....
###..........@..## #....
###############


You could see a salamander mystic (slow), 2 salamanders and a friendly warg
(summoned, slow).

Vanquished Creatures
  A fire dragon (Lair:6)
  Harold (Lair:1)
  7 hydras
  A boulder beetle (D:13)
  A catoblepas (D:13)
  A death knight (D:11)
  An alligator (Lair:5)
  3 two-headed ogres
  Urug (Lair:2)
  A fire crab (Lair:6)
  A skeletal warrior (D:11)
  2 bog bodies (Lair:4)
  Pikel (D:4)
  A necromancer (IceCv)
  2 manticores
  4 black mambas
  3 elephants (Lair:3)
  2 molten gargoyles (Lair:6)
  2 ice statues (IceCv)
  A gargoyle (D:11)
  14 cane toads
  An unseen horror (D:13)
  A freezing wraith (D:11)
  11 komodo dragons
  Maggie (Lair:2)
  A komodo dragon (shapeshifter) (D:13)
  7 ice devils (IceCv)
  An efreet (D:13)
  6 trolls
  2 polar bears (Lair:4)
  A polar bear (shapeshifter) (D:13)
  A hornet (D:11)
  A hornet (shapeshifter) (D:13)
  12 blink frogs
  5 shadows
  6 wraiths
  54 yaks
  A fire bat (Volcano)
  8 wyverns
  8 basilisks
  4 steam dragons
  6 vampire mosquitoes
  2 wargs
  2 acid dragons (D:11)
  15 water moccasins
  4 hell hounds
  9 ice beasts
  8 orc warriors
  A black bear (Lair:3)
  2 ogres (Orc:1)
  6 wolves (Lair:4)
  A phantom (D:5)
  2 centaurs
  A lemure (D:4)
  11 bullfrogs
  2 scorpions
  A wyvern zombie (D:6)
  5 killer bees (D:9)
  3 wights (D:8)
  6 howler monkeys
  2 draconian simulacra (IceCv)
  9 lava snakes
  4 centaur zombies
  2 hounds
  A jelly (D:5)
  9 orc priests
  A bullfrog skeleton (D:7)
  16 orc wizards
  Natasha (thrice) (D:4)
  5 iguanas
  5 hell rats (Lair:2)
  A spriggan simulacrum (IceCv)
  4 troll simulacra (IceCv)
  A centaur simulacrum (IceCv)
  2 hound skeletons (D:4)
  5 gnolls (D:8)
  6 adders
  A naga simulacrum (IceCv)
  An ogre simulacrum (IceCv)
  2 white imps (D:7)
  2 ufetubi
  3 worms
  A dart slug (D:3)
  73 orcs
  7 endoplasms
  4 giant cockroaches
  9 hobgoblins
  3 quokkas
  2 ball pythons
  4 bats
  6 frilled lizards
  5 goblins
  5 kobolds
  5 rats
  A rat zombie (D:11)
  4 bushes (D:10)
484 creatures vanquished.

Vanquished Creatures (collateral kills)
  A hydra (Lair:6)
  An orc sorcerer (Orc:1)
  A wraith (D:9)
  A wyvern (Lair:6)
  A yak (Lair:6)
  2 hell hounds (Lair:6)
  A centaur (D:8)
  An orc priest (Orc:1)
  A gnoll shaman (D:8)
  An orc wizard (Orc:1)
  2 gnolls (D:8)
  An orc (Orc:1)
14 creatures vanquished.

Vanquished Creatures (others)
  Erolcha (D:13)
  A salamander (Volcano)
  An acid dragon (D:8)
  An orc wizard (D:5)
  A gnoll (D:8)
  2 bushes
  491 foxfires
  55 fungi
  47 plants
600 creatures vanquished.

Grand Total: 1098 creatures vanquished

Notes
Turn   | Place    | Note
-------+----------+-------------------------------------------
     0 | D:1      | robertstho the Djinni Fire Elementalist began the quest for
                  | the Orb.
     0 | D:1      | Reached XP level 1. HP: 15/15 MP: 0/0
   251 | D:1      | Reached skill level 3 in Spellcasting
   329 | D:1      | Reached XP level 2. HP: 18/21 MP: 0/0
  1169 | D:1      | Reached XP level 3. HP: 23/25 MP: 0/0
  1169 | D:1      | Learned a level 1 spell: Freeze
  1816 | D:2      | Noticed a sky beast
  2163 | D:3      | Found a stormy altar of Qazlal.
  2167 | D:3      | Found a glowing silver altar of Zin.
  2172 | D:3      | Found a sacrificial altar of Ru.
  2198 | D:3      | Found a basalt altar of Yredelemnul.
  2260 | D:3      | Reached XP level 4. HP: 25/31 MP: 0/0
  2552 | D:3      | Found a faded altar of an unknown god.
  2683 | D:3      | Reached skill level 4 in Spellcasting
  3331 | D:4      | Found Etome's Book Shoppe.
  3379 | D:4      | Reached XP level 5. HP: 28/35 MP: 0/0
  3379 | D:4      | Learned a level 2 spell: Ensorcelled Hibernation
  3519 | D:4      | Noticed a lemure
  3520 | D:4      | Noticed a lemure
  3521 | D:4      | Noticed Pikel
  3522 | D:4      | Noticed a lemure
  3523 | D:4      | Noticed a lemure
  3806 | D:4      | Reached skill level 1 in Armour
  4185 | D:4      | Noticed Natasha
  4436 | D:3      | Identified a scroll of acquirement
  4436 | D:3      | Acquired the ring of Vicwis {rF++ AC+4 Dex+6}
  4557 | D:4      | Killed Natasha
  4672 | D:4      | Reached skill level 5 in Spellcasting
  4717 | D:4      | Found Kovof's Weapon Shoppe.
  4770 | D:4      | Killed a lemure
  4782 | D:4      | Killed Pikel
  4783 | D:4      | Reached skill level 1 in Fighting
  4783 | D:4      | Reached skill level 6 in Spellcasting
  4783 | D:4      | Reached XP level 6. HP: 31/42 MP: 0/0
  4783 | D:4      | Reached XP level 7. HP: 35/47 MP: 0/0
  4783 | D:4      | Learned a level 3 spell: Call Canine Familiar
  5027 | D:4      | Noticed Natasha
  5032 | D:4      | Killed Natasha
  5061 | D:4      | Reached skill level 1 in Axes
  5061 | D:4      | Reached XP level 8. HP: 26/52 MP: 0/0
  5108 | D:4      | Noticed Natasha
  5114 | D:4      | Killed Natasha
  5465 | D:5      | Entered Level 5 of the Dungeon
  5496 | D:5      | Found a staircase to the Ecumenical Temple.
  5629 | Temple   | Entered the Ecumenical Temple
  5649 | Temple   | Became a worshipper of Makhleb the Destroyer
  5675 | D:5      | Reached skill level 7 in Spellcasting
  6422 | D:5      | Reached skill level 1 in Invocations
  6845 | D:6      | Found Woprec's Weapon Shop.
  7036 | D:6      | Reached skill level 1 in Maces & Flails
  7402 | D:7      | Reached * piety under Makhleb
  7415 | D:7      | Reached XP level 9. HP: 51/57 MP: 0/0
  7415 | D:7      | Learned a level 3 spell: Spider Form
  7742 | D:7      | Found an opulent altar of Gozag.
  7891 | D:7      | Reached skill level 8 in Spellcasting
  8976 | D:8      | Found Sozaw's General Store.
  8983 | D:8      | Bought a potion of haste for 160 gold pieces
  9625 | D:8      | Found Maraha Tooxi's Distillery.
  9628 | D:8      | Bought a potion of resistance for 110 gold pieces
  9628 | D:8      | Bought a potion of degeneration for 11 gold pieces
  9628 | D:8      | Bought a potion of invisibility for 88 gold pieces
  9628 | D:8      | Bought a potion of ambrosia for 88 gold pieces
  9628 | D:8      | Bought a potion of curing for 33 gold pieces
  9724 | D:8      | Found Wuwez's Jewellery Boutique.
  9990 | D:8      | Found a sparkling altar of Nemelex Xobeh.
 10209 | D:9      | Noticed a two-headed ogre
 10220 | D:9      | Killed a two-headed ogre
 10221 | D:9      | Reached skill level 9 in Spellcasting
 10221 | D:9      | Reached XP level 10. HP: 54/65 MP: 0/0
 10614 | D:9      | Found a transporter.
 10621 | D:9      | Found a transporter.
 10674 | D:9      | Reached ** piety under Makhleb
 10938 | D:9      | Noticed a centaur warrior
 10939 | D:9      | Noticed an ogre mage
 10940 | D:9      | Found a shimmering altar of Xom.
 10975 | D:9      | Reached skill level 5 in Armour
 11682 | D:10     | Entered Level 10 of the Dungeon
 11687 | D:10     | Found a blossoming altar of Fedhas.
 11712 | D:10     | Reached skill level 10 in Spellcasting
 12565 | D:11     | Found Inucif's Antique Armour Emporium.
 12571 | D:11     | Noticed a two-headed ogre
 12574 | D:11     | Killed a two-headed ogre
 12575 | D:11     | Reached skill level 5 in Invocations
 12575 | D:11     | Reached XP level 11. HP: 55/70 MP: 0/0
 12575 | D:11     | Learned a level 5 spell: Metabolic Englaciation
 12752 | D:11     | Noticed a death knight
 12755 | D:11     | Noticed a skeletal warrior
 13151 | D:11     | Noticed a seven-headed hydra
 13159 | D:11     | Killed a seven-headed hydra
 13188 | D:11     | Reached skill level 1 in Evocations
 13736 | D:11     | Reached skill level 11 in Spellcasting
 13971 | D:11     | Found a staircase to the Lair.
 14271 | D:11     | Killed a skeletal warrior
 14540 | D:11     | Reached *** piety under Makhleb
 14936 | D:11     | Found a staircase to the Orcish Mines.
 15082 | D:11     | Killed a death knight
 15083 | D:11     | Reached XP level 12. HP: 15/76 MP: 0/0
 15670 | D:12     | Found a frozen archway.
 15672 | D:12     | Reached skill level 12 in Spellcasting
 15686 | IceCv    | Entered an ice cave
 16537 | IceCv    | Reached **** piety under Makhleb
 16575 | IceCv    | Identified the +0 steam dragon scales of the Midnight Sun
                  | {Will+}
 17251 | D:12     | Reached skill level 13 in Spellcasting
 17789 | D:13     | Found an opulent altar of Gozag.
 18374 | D:13     | Noticed a catoblepas
 18375 | D:13     | Noticed a boulder beetle
 18386 | D:13     | Killed a catoblepas
 18387 | D:13     | Reached skill level 5 in Dodging
 18408 | D:13     | Noticed Erolcha
 18418 | D:13     | Killed a boulder beetle
 18433 | D:13     | Killed Erolcha
 18434 | D:13     | Reached XP level 13. HP: 45/81 MP: 0/0
 18434 | D:13     | Learned a level 5 spell: Borgnjor's Vile Clutch
 19294 | Lair:1   | Entered Level 1 of the Lair of Beasts
 19314 | Lair:1   | Reached skill level 14 in Spellcasting
 19929 | Lair:1   | Noticed Harold
 19933 | Lair:1   | Killed Harold
 20743 | Lair:2   | Noticed Urug
 20749 | Lair:2   | Killed Urug
 20938 | Lair:2   | You are sucked into a shaft and drop 2 floors!
 20952 | Lair:4   | Reached ***** piety under Makhleb
 21614 | Lair:4   | Reached skill level 15 in Spellcasting
 21735 | Lair:4   | Found a staircase to the Swamp.
 21745 | Lair:4   | Identified the +5 robe of Infinity {rN+ Will- Slay+3}
 22950 | Lair:3   | Reached XP level 14. HP: 71/87 MP: 0/0
 24590 | Lair:2   | Found a staircase to the Snake Pit.
 24590 | Lair:2   | Noticed Maggie
 24593 | Lair:2   | Killed Maggie
 25425 | Lair:5   | Found a runed translucent door.
 25425 | Lair:5   | Noticed Panli's ghost (journeyman CeAM)
 25853 | Lair:6   | Entered Level 6 of the Lair of Beasts
 26311 | Lair:6   | Reached skill level 16 in Spellcasting
 26843 | Lair:6   | Found a staircase to the Slime Pits.
 26843 | Lair:6   | Found a viscous altar of Jiyva.
 26987 | Lair:6   | Found a large runed translucent door.
 27227 | Lair:6   | Found a large runed translucent door.
 28659 | Orc:1    | Entered Level 1 of the Orcish Mines
 28842 | Orc:1    | Reached ****** piety under Makhleb
 28977 | Orc:1    | Found a dark tunnel.
 28983 | Volcano  | Entered a volcano
 29555 | Volcano  | HP: 2/88 [salamander/+1 trident (12)]
 29555 | Volcano  | Slain by a salamander

Illustrated notes

Levels and vault maps discovered:
D:1:      shiori_arrival_maze, layout_basic, st_stairs_14, minmay_hexomino_f4
D:2:      layout_basic, basic_altar
D:3:      layout_basic, general_overflow_altar, grunt_temple_overflow_diamond,
          shapermc_ecumenical_altar_mp_ritualfount, minmay_shallow_snake_nest
D:4:      layout_rooms, serial_shops, nicolae_shop_waterfront,
          nicolae_shop_trees, kennysheep_generic_room_4, uniq_natasha,
          uniq_pikel
D:5:      layout_basic, minmay_temple_entry_drinking_statues,
          minmay_crystal_room
D:6:      layout_cave_pools, serial_shops,
          nicolae_shop_competitors_out_of_business
D:7:      layout_basic, lemuel_tele_altar
D:8:      layout_basic, kennysheep_mini, amcnicky_altar_gilded, serial_shops,
          shop, shop, kennysheep_mini_moat
D:9:      layout_basic, gammafunk_temple_overflow_arena, kennysheep_little_box
D:10:     layout_irregular_city, fedhas_bush_and_centaur_altar
D:11:     layout_loops_ring, minmay_lair_entry_grove, hiddenorc2_lemuel,
          serial_shops, nicolae_shop_window_shopping,
          lemuel_zombie_altar_kikubaaqudgha
D:12:     layout_roguey, portal_ice_cave_entry_ice_beasts
D:13:     layout_stronghold, grunt_ministairs_9, nicolae_gozag_seed_capital,
          uniq_erolcha
Temple:   minmay_temple_bridge_abc
Lair:1:   layout_concentric_octagons, uniq_harold
Lair:2:   layout_roguey, dummy_snake_entry, grunt_megastairs_5,
          infiniplex_staircase_pool, lemuel_fruit_tree, uniq_urug, uniq_maggie
Lair:3:   layout_regular_city, grunt_megastairs_2
Lair:4:   layout_regular_city, skrybe_swamp_entry_bodies
Lair:5:   layout_misc_corridors, ebering_ghost_inner_flame
Lair:6:   cheibrodos_lair_end_hotspot, layout_misc_corridors, slime_altar_1
Orc:1:    layout_caves, enter_volcano_3, mines4_lemuel
Volcano:  volcano_lake [vl_original]

Skill      XL: |  1  2  3  4  5  6  7  8  9 10 11 12 13 14 |
---------------+-------------------------------------------+-----
Spellcasting   | 3 4 6 7 9 10 11 13 15 16 | 16.5
Armour         | 2 3 4 5 6 7 |  7.8
Stealth        | 2 3 4 |  4.0
Fighting       | 1 2 3 |  3.9
Dodging        | 3 4 5 |  5.9
Axes           | 1 |  1.4
Invocations    | 2 4 5 6 7 8 9 |  9.0
Maces & Flails | 1 3 4 |  4.9
Evocations     | 1 |  1.3

Action                   |  1- 3 |  4- 6 |  7- 9 | 10-12 | 13-15 || total
-------------------------+-------+-------+-------+-------+-------++-------
Melee: Hand axe          |     2 |     3 |       |       |       ||     5
       War axe           |       |     4 |     1 |       |       ||     5
       Demon whip        |       |       |   100 |    36 |    90 ||   226
       Unarmed           |       |       |       |       |     5 ||     5
 Cast: Foxfire           |    73 |    72 |   136 |     7 |       ||   288
       Sticky Flame      |       |     2 |    10 |    38 |    50 ||   100
       Fireball          |       |       |    14 |   190 |   258 ||   462
       Call Canine Famil |       |       |     3 |     1 |    19 ||    23
       Metabolic Englaci |       |       |       |     5 |    21 ||    26
       Freeze            |       |       |       |     3 |    73 ||    76
       Ensorcelled Hiber |       |       |       |     1 |       ||     1
       Borgnjor's Vile C |       |       |       |       |     3 ||     3
       Spider Form       |       |       |       |       |     1 ||     1
Evoke: Wand              |       |       |       |     3 |     6 ||     9
  Use: Scroll            |     1 |     3 |    10 |     8 |    10 ||    32
       Potion            |       |       |     1 |     3 |    23 ||    27
 Stab: Distracted        |       |       |       |       |     1 ||     1
       Invisible         |       |       |       |       |     1 ||     1
       Sleeping          |       |       |       |       |     1 ||     1
Armor: Quicksilver drago |    28 |    21 |   103 |    21 |   125 ||   298
Dodge: Dodged            |    36 |    58 |   129 |    50 |   185 ||   458

Table legend: (Time is in decaauts)
 A = Elapsed time spent in this place.
 B = Non-inter-level travel time spent in this place.
 C = Inter-level travel time spent in this place.
 D = Time resting spent in this place.
 E = Time spent auto-exploring this place.
 F = Levels seen in this place.
 G = Mean time per level.
                   A        B        C        D        E       F      G
               +--------+--------+--------+--------+--------+-----+--------+
         Total |  29549 |  28249 |   1300 |   5796 |  19171 |  23 | 1284.7 |
       Dungeon |  18505 |  17610 |    895 |   2911 |  12764 |  13 | 1423.5 |
        Temple |     40 |     20 |     20 |      0 |     13 |   1 |   40.0 |
          Lair |   9302 |   8918 |    384 |   2255 |   5750 |   6 | 1550.3 |
  Orcish Mines |    152 |    152 |      0 |      0 |      0 |   1 |  152.0 |
      Ice Cave |    977 |    977 |      0 |    280 |    556 |   1 |  977.0 |
       Volcano |    570 |    570 |      0 |    350 |     88 |   1 |  570.0 |
               +--------+--------+--------+--------+--------+-----+--------+

Top non-repeatable levels by time:
  Lair:6: 2277 daAuts
    D:11: 2177 daAuts
     D:3: 1953 daAuts
    D:13: 1843 daAuts
     D:8: 1840 daAuts
     D:9: 1737 daAuts
     D:1: 1673 daAuts
    D:10: 1637 daAuts
  Lair:4: 1617 daAuts
     D:4: 1565 daAuts
  Lair:2: 1444 daAuts
  Lair:3: 1421 daAuts
  Lair:1: 1417 daAuts
     D:5: 1247 daAuts
     D:7: 1143 daAuts
